 Dungeon Crawl Stone Soup version 0.31-a0-164-g2312942fda (webtiles) character file.

Game seed: 2335426315372587625

98 qw the Shooter (level 4, 0/41 (42) HPs)
             Began as a Naga Hunter on June 13, 2023.
             Slain by a centaur (6 damage)
             ... on level 3 of the Dungeon.
             The game lasted 00:00:39 (1647 turns).

qw the Shooter (Naga Hunter)                        Turns: 1647, Time: 00:00:40

HP:   0/41 (42)     AC:  3    Str: 13    XL:     4   Next: 71%
MP:   4/4           EV:  9    Int: 10    God:
Gold: 183           SH:  0    Dex: 16    Spells: 3/3 levels left

rFire   . . .        Y - +0 shortbow
rCold   . . .        (shield currently unavailable)
rNeg    . . .        c - +0 leather armour
rPois   +            (no helmet)
rElec   .            (no cloak)
rCorr   .            i - +0 pair of gloves
SInv    +            (no barding)
Will    .....        (no amulet)
Stlth   ++           (no ring)
HPRegen 0.26/turn    (no ring)
MPRegen 0.09/turn

%: no passive effects
@: lightly drained, very slow
A: AC +1, large, see invisible, deformed body, poison resistance, slowness 2,
spit poison 1, naga tail 1
a: Spit Poison


You were on level 3 of the Dungeon.
You visited 1 branch of the dungeon, and saw 3 of its levels.

You collected 183 gold pieces.


Innate Abilities, Weirdness & Mutations

Your serpentine skin is tough. (AC +1)
You have supernaturally acute eyesight. (SInv)
Armour fits poorly on your strangely shaped body.
Your system is resistant to poisons. (rPois)
You cover ground very slowly.
You can spit poison.
You have a snake-like lower body.


   Skills:
 - Level 3.0 Fighting
 + Level 5.0 Ranged Weapons
 - Level 1.5 Dodging
 - Level 1.5 Stealth


You had 3 spell levels left.
You didn't know any spells.
Your spell library was empty.

Inventory:

Hand Weapons
 Y - a +0 shortbow (weapon)
Armour
 c - a +0 leather armour (worn)
 i - a +0 pair of gloves (worn)
Jewellery
 e - a ring of fire
Scrolls
 a - a scroll of identify
 d - a scroll of revelation {unknown}
 f - a scroll of fear {unknown}
Potions
 b - a potion of mutation {unknown}

Dungeon Overview and Level Annotations

Branches:
Dungeon (3/15)

Altars:
Gozag


Message History

You have got your breath back.
The centaur closely misses you. The centaur kicks you. The centaur hits you.
The centaur kicks you but does no damage.
1641 ||| INVOKING Spit Poison.
Aiming: Spit Poison (1% risk of failure)
Press: ? - help, Shift-Dir - straight line, f/p - centaur You fail to use your ability.
The centaur hits you.
The centaur kicks you but does no damage.
The centaur hits you but does no damage.
The centaur barely misses you.
1642 ||| INVOKING Spit Poison.
Aiming: Spit Poison (1% risk of failure)
Press: ? - help, Shift-Dir - straight line, f/p - centaur The splash of poison misses the centaur.
The centaur completely misses you. The centaur kicks you.
You shoot an arrow. The arrow hits the centaur.
The centaur is heavily wounded.
The centaur hits you.
The centaur kicks you but does no damage.
The centaur closely misses you.
The centaur kicks you but does no damage.
You shoot an arrow. The arrow hits the centaur.
The centaur is severely wounded.
The centaur hits you. The centaur kicks you. The centaur hits you.
The centaur kicks you.
You shoot an arrow. The arrow barely misses the centaur.
The centaur hits you. The centaur closely misses you.
You shoot an arrow.
The arrow hits the centaur but does no damage.
The centaur is severely wounded.
The centaur misses you. The centaur barely misses you. The centaur hits you.
The centaur barely misses you.
You shoot an arrow.
The arrow hits the centaur but does no damage.
The centaur is severely wounded.
You have got your breath back.
The centaur hits you but does no damage.
The centaur kicks you. The centaur hits you.
You die...

#.###.#.##.....PP#
#.....)..#.P.....#
#####.##..###....#
#.##.###.#######
#.##............
#.#############.
#.# #.# #@#
#...c.# #.#.###
..# #.# #. #


You could see a centaur.

Vanquished Creatures
  An orc wizard (D:3)
  An adder (D:2)
  2 worms (D:3)
  2 dart slugs
  2 orcs (D:3)
  6 endoplasms
  3 giant cockroaches
  3 goblins
  6 hobgoblins
  2 kobolds
  2 quokkas
  3 ball pythons
  6 bats
  4 frilled lizards
  5 rats
48 creatures vanquished.

Notes
Turn   | Place    | Note
-------+----------+-------------------------------------------
     0 | D:1      | qw the Naga Hunter began the quest for the Orb.
     0 | D:1      | Reached XP level 1. HP: 19/19 MP: 1/1
     0 | D:1      | 0 ||| qw: Version: 0.2-a-29-gc1b59c4
     0 | D:1      | 0 ||| qw: Game counter: 4496
     0 | D:1      | 0 ||| qw: Always use a shield: true
     0 | D:1      | 0 ||| qw: God list: Okawaru
     0 | D:1      | 0 ||| qw: Allow faded altars: false
     0 | D:1      | 0 ||| qw: Do Orc after D:15 true
     0 | D:1      | 0 ||| qw: Do second Lair branch before Depths: true
     0 | D:1      | 0 ||| qw: Lair rune preference: random
     0 | D:1      | 0 ||| qw: Plans: Normal
     0 | D:1      | 0 ||| PLANNING D:1-11
    43 | D:1      | 43 ||| INVOKING Spit Poison.
    98 | D:1      | 98 ||| INVOKING Spit Poison.
   103 | D:1      | Reached skill level 4 in Ranged Weapons
   103 | D:1      | Reached XP level 2. HP: 26/26 MP: 2/2
   127 | D:1      | 127 ||| INVOKING Spit Poison.
   142 | D:1      | 142 ||| INVOKING Spit Poison.
   158 | D:1      | 158 ||| INVOKING Spit Poison.
   169 | D:1      | 169 ||| INVOKING Spit Poison.
   174 | D:1      | 174 ||| INVOKING Spit Poison.
   179 | D:1      | 179 ||| INVOKING Spit Poison.
   183 | D:1      | 183 ||| INVOKING Spit Poison.
   254 | D:1      | 254 ||| INVOKING Spit Poison.
   261 | D:1      | 261 ||| INVOKING Spit Poison.
   273 | D:1      | 273 ||| INVOKING Spit Poison.
   467 | D:1      | Reached XP level 3. HP: 27/32 MP: 3/3
   489 | D:1      | 489 ||| INVOKING Spit Poison.
   494 | D:1      | 494 ||| INVOKING Spit Poison.
   672 | D:1      | 672 ||| UPGRADING to +0 pair of gloves.
   677 | D:1      | 677 ||| READING 5 scrolls labelled UKKACK LEURAZA.
   678 | D:1      | 678 ||| READING scroll labelled ILUINA RESKIRPH.
   679 | D:1      | 679 ||| READING scroll labelled YWOFAEROLA.
   680 | D:1      | 680 ||| READING 4 scrolls of identify.
   680 | D:1      | 680 ||| IDENTIFYING viscous green potion
   681 | D:1      | 681 ||| READING 3 scrolls of identify.
   681 | D:1      | 681 ||| IDENTIFYING grey potion
   682 | D:1      | 682 ||| DROPPING scroll of butterflies.
   683 | D:1      | 683 ||| DROPPING potion of brilliance.
   720 | D:2      | 720 ||| INVOKING Spit Poison.
   929 | D:2      | 929 ||| INVOKING Spit Poison.
   934 | D:2      | 934 ||| INVOKING Spit Poison.
   999 | D:2      | 999 ||| INVOKING Spit Poison.
  1002 | D:2      | 1002 ||| INVOKING Spit Poison.
  1114 | D:2      | Identified the +3 flail "Ocetez" {flame, Fly Dex+2}
  1344 | D:2      | 1344 ||| INVOKING Spit Poison.
  1349 | D:2      | Found an opulent altar of Gozag.
  1364 | D:2      | 1364 ||| READING scroll labelled KUKHAN MAARI.
  1365 | D:2      | 1365 ||| READING 2 scrolls of identify.
  1365 | D:2      | 1365 ||| IDENTIFYING cyan potion
  1366 | D:2      | 1366 ||| DROPPING potion of attraction.
  1385 | D:3      | 1385 ||| INVOKING Spit Poison.
  1400 | D:3      | 1400 ||| INVOKING Spit Poison.
  1436 | D:3      | 1436 ||| INVOKING Spit Poison.
  1500 | D:3      | 1500 ||| INVOKING Spit Poison.
  1531 | D:3      | 1531 ||| INVOKING Spit Poison.
  1533 | D:3      | Reached skill level 5 in Ranged Weapons
  1535 | D:3      | 1535 ||| INVOKING Spit Poison.
  1537 | D:3      | Reached XP level 4. HP: 39/39 MP: 4/4
  1543 | D:3      | 1543 ||| INVOKING Spit Poison.
  1558 | D:3      | 1558 ||| INVOKING Spit Poison.
  1566 | D:3      | 1566 ||| INVOKING Spit Poison.
  1569 | D:3      | 1569 ||| INVOKING Spit Poison.
  1572 | D:3      | 1572 ||| INVOKING Spit Poison.
  1575 | D:3      | 1575 ||| DRINKING 2 potions of heal wounds.
  1576 | D:3      | 1576 ||| INVOKING Spit Poison.
  1587 | D:3      | Found a faded altar of an unknown god.
  1619 | D:3      | Noticed a centaur
  1620 | D:3      | 1620 ||| INVOKING Spit Poison.
  1624 | D:3      | 1624 ||| INVOKING Spit Poison.
  1625 | D:3      | Reached skill level 3 in Fighting
  1629 | D:3      | 1629 ||| INVOKING Spit Poison.
  1630 | D:3      | HP: 10/41 [orc/+0 club (3)]
  1631 | D:3      | 1631 ||| DRINKING potion of heal wounds.
  1635 | D:3      | 1635 ||| INVOKING Spit Poison.
  1641 | D:3      | 1641 ||| INVOKING Spit Poison.
  1642 | D:3      | 1642 ||| INVOKING Spit Poison.
  1645 | D:3      | HP: 10/41 [centaur (2)]
  1647 | D:3      | Slain by a centaur

Levels and vault maps discovered:
D:1:      roderic_chinese_lattice_arrival, layout_basic, minmay_ruptured
D:2:      layout_basic, basic_altar
D:3:      layout_loops_ring, shapermc_ecumenical_altar_gd, grunt_ministairs_1,
          minmay_cut_off, uniq_robin, uniq_grinder

Skill      XL: |  1  2  3  4 |
---------------+-------------+-----
Ranged Weapons | 4 5 |  5.0
Fighting       | 3 |  3.0
Dodging        | |  1.5
Stealth        | |  1.5

Action                     |  1- 3 |  4- 6 || total
---------------------------+-------+-------++-------
   Fire: Shortbow          |    78 |    34 ||   112
Ability: Spit Poison       |    26 |    11 ||    37
    Use: Scroll            |     7 |       ||     7
         Potion            |       |     2 ||     2
 Armour: Leather armour    |     8 |    19 ||    27
  Dodge: Dodged            |    19 |    27 ||    46

Table legend:
 A = Non-vault XP
 B = Vault XP
 C = Vault XP percentage of total XP
 D = Non-vault monster count
 E = Vault monster count
 F = Vault count percentage of total count
                 A         B        C        D         E       F
            +---------+---------+-------+---------+---------+-------
      Total |     128 |      13 |   9.2 |      41 |       7 |  14.6
            +---------+---------+-------+---------+---------+-------
        D:1 |      28 |      10 |  26.3 |      17 |       5 |  22.7
        D:2 |      30 |       0 |   0.0 |      10 |       0 |   0.0
        D:3 |      70 |       3 |   4.1 |      14 |       2 |  12.5
            +---------+---------+-------+---------+---------+-------
